 Seeded DCSS version 0.29-a0-1027-gcd8c55af63 (webtiles) character file.

Game seed: 20220813 (custom seed)

3001 purpskrrrp the Skirmisher (level 9, -18/48 HPs)
             Began as a Deep Elf Hunter on Aug 12, 2022.
             Was an Initiate of Cheibriados.
             Demolished by a skeletal warrior
             ... wielding a +0 short sword
             ... created by the anger of Yredelemnul
              (20 damage)
             ... on level 7 of the Dungeon.
             The game lasted 00:41:45 (8215 turns).

purpskrrrp the Skirmisher (Deep Elf Hunter)         Turns: 8215, Time: 00:41:46

Health: -18/48     AC:  6    Str: 15    XL:     9   Next: 54%
Magic:  12/12      EV: 13    Int: 16    God:    Cheibriados [......]
Gold:   230        SH:  5    Dex: 25    Spells: 8/8 levels left

rFire   + . .      SeeInvis .   t - +0 triple crossbow (flame)
rCold   . . .      Faith    .   (shield currently unavailable)
rNeg    . . .      Spirit   .   c - +0 leather armour
rPois   .          Reflect  +   j - +0 helmet
rElec   .          Harm     .   d - +0 cloak
rCorr   .          Rampage  .   (no gloves)
Will    .....                   v - +0 pair of boots
Stlth   ++++++....              n - amulet of reflection
HPRegen 0.16/turn               u - +6 ring of strength
MPRegen 0.13/turn               k - ring of the Lily {rF+ Dex+2 Stlth+}

@: about to teleport, slow
A: no striking features
a: Renounce Religion


You were on level 7 of the Dungeon.
You worshipped Cheibriados.
Cheibriados was noncommittal.
You visited 2 branches of the dungeon, and saw 8 of its levels.

You collected 253 gold pieces.
You spent 23 gold pieces at shops.

Inventory:

Hand Weapons
 a - a +0 shortbow
 t - a +0 triple crossbow of flaming (weapon)
 z - a -1 longbow
 A - a -1 hand crossbow
Armour
 c - a +0 leather armour (worn)
 d - a +0 cloak (worn)
 j - a +0 helmet (worn)
 v - a +0 pair of boots (worn)
Jewellery
 k - the ring of the Lily (right hand) {rF+ Dex+2 Stlth+}
   (You acquired it on level 6 of the Dungeon)

   [ring of protection from fire]

   Dex:       It affects your dexterity (+2).
   rF:        It protects you from fire.
   Stlth:     It makes you more stealthy.
 n - an amulet of reflection (around neck)
 p - a +6 ring of intelligence
 u - a +6 ring of strength (left hand)
 E - a ring of see invisible
Wands
 g - a wand of roots (7)
 l - a wand of polymorph (3)
 C - a wand of mindburst (16)
Scrolls
 b - 2 scrolls of immolation
 h - 3 scrolls of teleportation
 m - a scroll of fear
 q - 3 scrolls of vulnerability
 y - a scroll of magic mapping {unknown}
 D - a scroll of amnesia {unknown}
Potions
 e - a potion of flight {unknown}
 i - a potion of degeneration {unknown}
 o - a potion of heal wounds {unknown}
 r - 2 potions of might
 s - 2 potions of cancellation
 x - 2 potions of attraction
 B - a potion of lignification {unknown}
 F - a potion of curing


   Skills:
 - Level 1.8 Fighting
 + Level 13.0 Ranged Weapons
 - Level 2.8 Dodging
 + Level 12.0 Stealth
 + Level 1.9 Invocations


You had 8 spell levels left.
You didn't know any spells.
Your spell library contained the following spells:

 Spells                   Type           Power      Damage    Failure   Level
 Beastly Appendage        Tmut           0%         N/A       30%         1
 Magic Dart               Conj           0%         1d3       30%         1
 Sandblast                Erth           0%         2d4       30%         1
 Call Imp                 Summ           0%         N/A       43%         2
 Passwall                 Tmut/Erth      0%         N/A       43%         2
 Wereblood                Tmut           0%         N/A       43%         2
 Mephitic Cloud           Conj/Pois/Air  0%         N/A       67%         3
 Spider Form              Tmut/Pois      0%         N/A       67%         3
 Stone Arrow              Conj/Erth      0%         3d7       67%         3
 Alistair's Intoxication  Tmut/Pois      0%         N/A       100%        5
 Borgnjor's Vile Clutch   Necr/Erth      0%         N/A       100%        5
 Eringya's Noxious Bog    Tmut/Pois      0%         N/A       100%        6


Dungeon Overview and Level Annotations

Branches:
Dungeon (7/15)             Temple (1/1) D:6

Altars:
Ashenzari
Cheibriados
Dithmenos
Fedhas
Gozag
Hepliaklqana
Ru
Sif Muna
Trog
Uskayaw
Xom
Yredelemnul

Shops:
D:3 ((([(   D:6 !*


Message History

There is a stone staircase leading down here.
Things that are here:
a +0 spear; a gnoll skeleton
There is an open door here.
A skeletal warrior is nearby!
You shoot a bolt.
The bolt closely misses the skeletal warrior.
You shoot a bolt. The bolt hits the skeletal warrior!!
The bolt burns the skeletal warrior!
The skeletal warrior is heavily damaged.
You shoot a bolt.
The bolt closely misses the skeletal warrior.
You shoot a bolt. The bolt hits the skeletal warrior.
The bolt burns the skeletal warrior.
The skeletal warrior is severely damaged.
You shoot a bolt.
The bolt barely misses the skeletal warrior.
The skeletal warrior hits you with a +0 short sword!!
You block the skeletal warrior's attack.
You shoot a bolt.
The bolt barely misses the skeletal warrior.
The skeletal warrior misses you.
The skeletal warrior hits you with a +0 short sword!
You are too injured to fight recklessly!
Okay, then.
Okay, then.
Fire: t) +0 triple crossbow (flame)
Press: ? - help, Shift-Dir - straight line, f/p - skeletal warrior
Aim: a skeletal warrior, wielding a +0 short sword (severely damaged, durably summoned, 66% to hit)
You shoot a bolt.
The bolt closely misses the skeletal warrior.
The skeletal warrior hits you with a +0 short sword!
* * * LOW HITPOINT WARNING * * *
Okay, then.
You can't see any enemies this would affect, really read the scroll of fear?
Okay, then.
As you read the scroll of teleportation, it crumbles to dust.
You feel strangely unstable.
The skeletal warrior hits you with a +0 short sword!!
You die...

### ###.. #...#
#######...# ........@.#
#########.z.#
#.).)...'...#
#######.#....##...#
........#....##...#####
......zZ#....'.........
........#....#.#.#'####
......[.#....#.#.#.#
........#.####.#'#'#######


You could see a skeletal warrior.

Vanquished Creatures
  Pikel (D:6)
  A centaur zombie (D:7)
  Eustachio (D:6)
  Duvessa (D:6)
  A water moccasin (D:7)
  An ice beast (D:5)
  2 black bears
  3 ogres
  2 centaurs
  2 phantoms
  A lemure (D:6)
  A necrophage (D:5)
  5 scorpions
  3 wights (D:6)
  Dowan (D:6)
  4 hounds
  4 orc priests
  2 gnoll boudas
  A jelly (D:5)
  2 iguanas (D:4)
  2 orc wizards
  20 gnolls
  4 adders
  A white imp (D:6)
  2 ufetubi
  A dart slug (D:4)
  13 orcs
  8 ball pythons
  11 endoplasms
  5 goblins
  4 hobgoblins
  3 jackals (D:2)
  6 quokkas
  2 bats
  3 frilled lizards
  6 kobolds
  4 rats
134 creatures vanquished.

Vanquished Creatures (collateral kills)
  An orc wizard (D:4)
  An iguana (D:6)
  2 gnolls
4 creatures vanquished.

Vanquished Creatures (others)
  A centaur zombie (D:6)
  An ogre zombie (D:6)
  2 hound zombies
  An elf zombie (D:6)
  A human zombie (D:6)
  An adder zombie (D:6)
  An iguana zombie (D:6)
  A jelly zombie (D:5)
  8 gnoll zombies
  An endoplasm zombie (D:4)
  4 orc zombies
  A quokka zombie (D:5)
23 creatures vanquished.

Grand Total: 161 creatures vanquished

Notes
Turn   | Place    | Note
-------+----------+-------------------------------------------
     0 | D:1      | purpskrrrp the Deep Elf Hunter began the quest for the Orb.
     0 | D:1      | Reached XP level 1. HP: 12/12 MP: 3/3
     6 | D:1      | Noticed a polar bear
     6 | D:1      | Noticed a salamander
     7 | D:1      | Noticed a rime drake
    82 | D:1      | Reached XP level 2. HP: 17/17 MP: 4/4
   710 | D:2      | Reached XP level 3. HP: 15/21 MP: 5/5
  1311 | D:2      | Reached skill level 6 in Ranged Weapons
  1962 | D:3      | Found Guhuseed's Weapon Shoppe.
  1999 | D:3      | Found a faded altar of an unknown god.
  2050 | D:3      | Reached XP level 4. HP: 26/26 MP: 6/6
  2076 | D:3      | Prayed at the altar of an unknown god.
  2076 | D:3      | Became a worshipper of Yredelemnul the Dark
  2076 | D:3      | Reached * piety under Yredelemnul
  2115 | D:5      | Entered Level 5 of the Dungeon
  2248 | D:5      | Noticed a scorpion
  2262 | D:5      | Killed a scorpion
  2263 | D:5      | Reached skill level 7 in Ranged Weapons
  2263 | D:5      | Reached XP level 5. HP: 16/30 MP: 7/7
  2580 | D:5      | Reached skill level 5 in Stealth
  2588 | D:5      | HP: 1/30 [gnoll/+0 spear (7)]
  2600 | D:4      | Noticed an ogre
  2965 | D:3      | Found Mavvokar's Armour Emporium.
  2976 | D:3      | Found Isys's Antique Weapon Emporium.
  3013 | D:3      | Found Otopsi's Antique Weapon Emporium.
  3213 | D:3      | Found Acaleha's Weapon Shop.
  3283 | D:3      | Reached ** piety under Yredelemnul
  3353 | D:4      | Reached XP level 6. HP: 35/35 MP: 8/8
  3860 | D:5      | Noticed an ice beast
  3893 | D:5      | Killed an ice beast
  3894 | D:5      | Reached skill level 8 in Ranged Weapons
  4144 | D:5      | Reached XP level 7. HP: 39/39 MP: 9/9
  4350 | D:6      | Reached skill level 9 in Ranged Weapons
  4379 | D:6      | Found Lath's Distillery.
  4676 | D:6      | Noticed Pikel
  4706 | D:6      | HP: 1/39 [Pikel/+1 whip of freezing (2)]
  4707 | D:6      | Killed Pikel
  4708 | D:6      | Reached skill level 10 in Ranged Weapons
  4708 | D:6      | Reached XP level 8. HP: 2/44 MP: 10/10
  5122 | D:6      | Found Menn's Lightly-Used Armoury.
  5130 | D:6      | Bought a -2 triple crossbow for 1 gold piece
  5130 | D:6      | Bought a -1 longbow for 21 gold pieces
  5130 | D:6      | Bought a -1 hand crossbow for 1 gold piece
  5135 | D:6      | Identified a scroll of acquirement
  5135 | D:6      | Acquired the ring of the Lily {rF+ Dex+2 Stlth+}
  5166 | D:6      | Noticed Eustachio
  5170 | D:6      | Reached skill level 11 in Ranged Weapons
  5182 | D:6      | Killed Eustachio
  5183 | D:6      | Reached skill level 10 in Stealth
  5503 | D:6      | Noticed Duvessa
  5504 | D:6      | Noticed Dowan
  5509 | D:6      | Your ally Eustachio died
  5523 | D:6      | Killed Dowan
  5523 | D:6      | Killed Duvessa
  5658 | D:6      | Your ally Duvessa died
  5816 | D:6      | Reached XP level 9. HP: 43/48 MP: 11/11
  5870 | D:5      | Reached skill level 12 in Ranged Weapons
  6463 | D:4      | Found a sacrificial altar of Ru.
  6588 | D:4      | Reached *** piety under Yredelemnul
  7113 | D:6      | Found a shimmering altar of Xom.
  7203 | D:6      | Found a staircase to the Ecumenical Temple.
  7215 | Temple   | Entered the Ecumenical Temple
  7420 | Temple   | Fell from the grace of Yredelemnul
  7420 | Temple   | Became a worshipper of Cheibriados the Contemplative
  7801 | D:7      | Reached skill level 1 in Invocations
  7864 | D:7      | Noticed a skeletal warrior
  8091 | D:7      | Reached skill level 13 in Ranged Weapons
  8214 | D:7      | HP: 2/48 [skeletal warrior/+0 short sword[the anger of
                  | Yredelemnul] (15)]
  8215 | D:7      | Demolished by a skeletal warrior

Illustrated notes

Levels and vault maps discovered:
D:1:      onia_arrival_zoo_common, layout_basic
D:2:      layout_basic
D:3:      layout_loops_ring, serial_shops, shop, nicolae_shop_stone, shop,
          nicolae_shop_waterfront, shop, ebering_ecumenical_altar_abandoned,
          grunt_ministairs_3
D:4:      layout_cave_pools, mainiacjoe_overflow_tiny_flanked
D:5:      layout_basic
D:6:      layout_basic, xom_teletrap_fun, temple_hall, serial_shops,
          shop_fountains, minmay_shop_damaged, uniq_duvessa, uniq_pikel,
          uniq_eustachio
D:7:      layout_basic, tgw_kikubaaqudgha
Temple:   nicolae_temple_figure_zero

Skill      XL: |  1  2  3  4  5  6  7  8  9 |
---------------+----------------------------+-----
Stealth        | 2 3 4 5 6 9 10 12 | 12.0
Ranged Weapons | 6 7 8 10 11 13 | 13.0
Invocations    | 1 |  1.9
Fighting       | |  1.8
Dodging        | |  2.8

Action                   |  1- 3 |  4- 6 |  7- 9 || total
-------------------------+-------+-------+-------++-------
 Fire: Shortbow          |    75 |   115 |   105 ||   295
       Triple crossbow   |       |       |   145 ||   145
Evoke: Wand              |       |     1 |       ||     1
  Use: Scroll            |       |     3 |    17 ||    20
       Potion            |       |       |     2 ||     2
Armor: Leather armour    |    31 |     8 |    33 ||    72
Dodge: Dodged            |    69 |    27 |    69 ||   165
Block: Other             |     3 |    13 |    26 ||    42
       Reflection        |       |       |     2 ||     2

Table legend: (Time is in decaauts)
 A = Elapsed time spent in this place.
 B = Non-inter-level travel time spent in this place.
 C = Inter-level travel time spent in this place.
 D = Time resting spent in this place.
 E = Time spent auto-exploring this place.
 F = Levels seen in this place.
 G = Mean time per level.
                   A        B        C        D        E       F      G
               +--------+--------+--------+--------+--------+-----+--------+
         Total |   8532 |   7800 |    732 |   2018 |   4409 |   8 | 1066.5 |
       Dungeon |   8313 |   7680 |    633 |   2018 |   4296 |   7 | 1187.6 |
        Temple |    218 |    119 |     99 |      0 |    113 |   1 |  218.0 |
               +--------+--------+--------+--------+--------+-----+--------+

Top non-repeatable levels by time:
     D:6: 2169 daAuts
     D:5: 1662 daAuts
     D:2: 1193 daAuts
     D:7: 943 daAuts
     D:3: 912 daAuts
     D:1: 767 daAuts
     D:4: 663 daAuts
  Temple: 218 daAuts
